 Dungeon Crawl Stone Soup version 0.29.1-2-gbd0b4ee654 (console) character file.

Game seed: 492184779114564014

523 om the Cleaver (level 7, -2/55 (59) HPs)
             Began as a Minotaur Monk on Nov 8, 2022.
             Slain by a necrophage (7 damage)
             ... on level 4 of the Dungeon.
             The game lasted 00:04:33 (3890 turns).

om the Cleaver (Minotaur Monk)                      Turns: 3890, Time: 00:04:34

HP:   -2/55 (59)    AC: -4    Str: 20    XL:     7   Next: 2%
MP:   6/6           EV: 14    Int:  7    God:
Gold: 161           SH:  0    Dex: 12    Spells: 6/6 levels left

rFire   . . .      SeeInvis .   a - +0 hand axe
rCold   . . .      Faith    .   (no shield)
rNeg    . . .      Spirit   .   q - +1 scale mail of Omission {Str+2}
rPois   .          Reflect  .   (helmet restricted)
rElec   .          Harm     .   (no cloak)
rCorr   .          Rampage  .   m - +0 pair of gloves
Will    +....                   (no boots)
Stlth   ..........              (no amulet)
HPRegen 0.18/turn               d - +4 ring of evasion
MPRegen 0.10/turn               w - ring of willpower

@: corroded, drained
A: horns 2, retaliatory headbutt
a: no special abilities


You were on level 4 of the Dungeon.
You visited 1 branch of the dungeon, and saw 4 of its levels.

You collected 161 gold pieces.

Inventory:

Hand Weapons
 a - a +0 hand axe (weapon)
Armour
 m - a +0 pair of gloves (worn)
 q - the +1 scale mail of Omission (worn) {Str+2}
   (You found it on level 2 of the Dungeon)

   Str:       It affects your strength (+2).
Jewellery
 d - a +4 ring of evasion (left hand)
 w - a ring of willpower (right hand)
Wands
 b - a wand of flame (12)
 v - a wand of polymorph (8)
Scrolls
 g - 3 scrolls of amnesia
 h - 5 scrolls of teleportation
 j - 3 scrolls of magic mapping {unknown}
 k - a scroll of fear {unknown}
 l - a scroll of blinking {unknown}
 s - a scroll of silence {unknown}
 t - a scroll of vulnerability {unknown}
Potions
 e - 3 potions of magic
 f - a potion of degeneration
 i - 2 potions of curing
 n - a potion of flight {unknown}
 o - a potion of lignification {unknown}
 p - a potion of brilliance {unknown}
 r - a potion of resistance {unknown}


   Skills:
 - Level 4.0 Fighting
 * Level 9.5 Axes
 - Level 3.2 Dodging
 - Level 1.5 Stealth


You had 6 spell levels left.
You didn't know any spells.
Your spell library contained the following spells:

 Spells                   Type           Power      Damage    Failure   Level
 Gell's Gravitas          Tloc           0%         N/A       99%         3
 Lesser Beckoning         Tloc           0%         N/A       99%         3
 Teleport Other           Tloc           0%         N/A       99%         3


Dungeon Overview and Level Annotations

Branches:
Dungeon (4/15)
 Temple: D:4-7

Altars:
Yredelemnul


Innate Abilities, Weirdness & Mutations

You have a pair of horns on your head.
You reflexively headbutt those who attack you in melee.


Message History

Aiming: Throw Flame
Press: ? - help, Shift-Dir - straight line, f - orc
Aim: an orc, wielding a +0 club and quivering boomerangs (almost dead, 68% to hit)
The puff of flame hits the orc.
You kill the orc!
Unknown command.
Aiming: Throw Flame
Press: ? - help, Shift-Dir - straight line, f - necrophage
Aim: a necrophage (68% to hit)
The puff of flame hits the necrophage.
The necrophage is moderately damaged.
The necrophage hits you.
* * * LOW HITPOINT WARNING * * *
You feel drained.
You are confused.
You feel invigorated. The necrophage hits you.
You feel drained.
The necrophage attacks as you move away!
The necrophage hits you.
* * * LOW HITPOINT WARNING * * *
You hit the necrophage. Your headbutt misses the necrophage.
The necrophage is moderately damaged.
You're too confused to move!
The necrophage hits you.
* * * LOW HITPOINT WARNING * * *
You bump into the rock wall.
You feel less invigorated.
You feel less confused. The necrophage hits you!
* * * LOW HITPOINT WARNING * * *
You hit the necrophage.
You headbutt the necrophage, but do no damage.
The necrophage is heavily damaged.
The necrophage barely misses you.
You barely miss the necrophage. You headbutt the necrophage!
The necrophage is severely damaged.
The necrophage hits you!
* * * LOW HITPOINT WARNING * * *
You feel drained.
* * * LOW HITPOINT WARNING * * *
The necrophage attacks as you move away!
The necrophage hits you!
You die...

##..... ..... ....
..# # #)# .# #)#
###.#
#.#########...
#n...##...#.#
##@..........##
#.............####
#................##
#............###...
#............# ###)
#.#....#...#.#####.
#.#....####..##....
#.#.#### .###....
#. #.# #....


You could see a necrophage.

Vanquished Creatures
  Sigmund (D:3)
  A scorpion (D:2)
  A jelly (D:4)
  Jessica (D:2)
  Ijyb (D:3)
  2 iguanas (D:4)
  Natasha (thrice) (D:3)
  Robin (D:3)
  3 adders
  2 dart slugs (D:1)
  3 orcs
  3 endoplasms (D:3)
  A giant cockroach (D:4)
  14 goblins
  5 hobgoblins
  3 quokkas
  4 ball pythons
  A bat (D:3)
  3 frilled lizards
  5 kobolds
  5 rats
63 creatures vanquished.

Notes
Turn   | Place    | Note
-------+----------+-------------------------------------------
     0 | D:1      | om the Minotaur Monk began the quest for the Orb.
     0 | D:1      | Reached XP level 1. HP: 19/19 MP: 0/0
   336 | D:1      | Reached skill level 4 in Axes
   336 | D:1      | Reached XP level 2. HP: 27/27 MP: 1/1
   990 | D:2      | Noticed a scorpion
  1027 | D:2      | Noticed Jessica
  1039 | D:2      | Killed Jessica
  1040 | D:2      | Reached skill level 5 in Axes
  1040 | D:2      | Reached XP level 3. HP: 10/33 MP: 2/2
  1314 | D:2      | Killed a scorpion
  1315 | D:2      | Reached skill level 6 in Axes
  1315 | D:2      | Reached XP level 4. HP: 40/40 MP: 3/3
  1362 | D:2      | Identified the +1 scale mail of Omission {Str+2}
  1729 | D:2      | Found a faded altar of an unknown god.
  1866 | D:3      | Noticed Ijyb
  1884 | D:3      | Killed Ijyb
  1885 | D:3      | Reached XP level 5. HP: 31/46 MP: 4/4
  2054 | D:3      | Reached skill level 7 in Axes
  2229 | D:3      | Noticed Robin
  2235 | D:3      | Killed Robin
  2678 | D:3      | Noticed Natasha
  2684 | D:3      | Killed Natasha
  2720 | D:3      | Noticed Sigmund
  2745 | D:3      | Killed Sigmund
  2746 | D:3      | Reached skill level 8 in Axes
  2746 | D:3      | Reached XP level 6. HP: 32/52 MP: 5/5
  2955 | D:3      | Found a basalt altar of Yredelemnul.
  3272 | D:3      | Found a basalt altar of Yredelemnul.
  3597 | D:3      | Noticed Natasha
  3605 | D:3      | Killed Natasha
  3667 | D:3      | Noticed Natasha
  3674 | D:3      | Killed Natasha
  3675 | D:3      | Reached skill level 9 in Axes
  3879 | D:4      | Reached XP level 7. HP: 15/59 MP: 6/6
  3890 | D:4      | Slain by a necrophage

Illustrated notes

Levels and vault maps discovered:
D:1:      tarquinn_simple_flora_water_d, layout_basic
D:2:      minmay_chambers_of_ones, layout_rooms,
          shapermc_ecumenical_altar_ellora, uniq_jessica
D:3:      layout_loops_corners, lemuel_doored_altar, minmay_door_square,
          minmay_misc_feat_four_crosses, uniq_sigmund, uniq_ijyb, uniq_robin,
          uniq_natasha
D:4:      layout_rooms, minmay_temple_entry_hall, corexii_checkpoint_a

Skill      XL: |  1  2  3  4  5  6 |
---------------+-------------------+-----
Fighting       | 4 |  4.0
Axes           | 4 5 6 8 9 |  9.5
Dodging        | |  3.2
Stealth        | |  1.5

Action                   |  1- 3 |  4- 6 |  7- 9 || total
-------------------------+-------+-------+-------++-------
Melee: Hand axe          |    36 |   144 |     3 ||   183
       Headbutt          |     5 |    35 |     2 ||    42
       Punch             |       |     1 |       ||     1
Throw: Throwing net      |     1 |       |       ||     1
Evoke: Wand              |       |     6 |     2 ||     8
  Use: Scroll            |     1 |     5 |       ||     6
       Potion            |       |       |     1 ||     1
 Stab: Sleeping          |     1 |       |       ||     1
       Held in net/web   |     1 |       |       ||     1
Armor: Robe              |     3 |       |       ||     3
       Ring mail         |     7 |     4 |       ||    11
       Scale mail        |       |    33 |       ||    33
Dodge: Dodged            |    22 |    69 |     1 ||    92
